 Dungeon Crawl Stone Soup version 0.30.0-29-ga12c61a403 (webtiles) character file.

Game seed: 11920942235595378296

6713 McKennaii the Fighter (level 10, -25/82 HPs)
             Began as a Demonspawn Fighter on June 3, 2023.
             Was an Elder of Qazlal.
             Killed from afar by a lindwurm (shapeshifter) (40 damage)
             ... with a blast of flame
             ... on level 9 of the Dungeon.
             The game lasted 00:13:35 (8564 turns).

McKennaii the Fighter (Demonspawn Fighter)          Turns: 8564, Time: 00:13:35

Health: -25/82     AC:  8    Str: 20    XL:     10   Next: 74%
Magic:  11/11      EV: 14    Int: 10    God:    Qazlal [****..]
Gold:   1288       SH: 15    Dex: 10    Spells: 9/9 levels left

rFire   . . .        a - +1 trident
rCold   . . .        c - +0 buckler
rNeg    . . .        b - +0 scale mail
rPois   .            (no helmet)
rElec   +            (no cloak)
rCorr   .            p - +1 pair of gloves
SInv    +            (no boots)
Will    +....        i - amulet of reflection Stlth
                     f - +5 ring of evasion
HPRegen 0.33/turn    l - ring of Ypiviemu {Fly rElec Dex-3 SInv}
MPRegen 0.12/turn

%: repel missiles, reflection
@: flying
A: hooves 1, foul stench 1, spiny 2, sharp scales 1, deformed body,
strong-willed 1
a: Renounce Religion, Upheaval, Elemental Force


You were on level 9 of the Dungeon.
You worshipped Qazlal.
Qazlal was greatly pleased with you.
You visited 1 branch of the dungeon, and saw 9 of its levels.
You also visited: Sewer and Bailey.

You collected 1447 gold pieces.
You spent 159 gold pieces at shops.

Inventory:

Hand Weapons
 a - a +1 trident (weapon)
Armour
 b - a +0 scale mail (worn)
 c - a +0 buckler (worn)
 p - a +1 pair of gloves (worn)
Jewellery
 f - a +5 ring of evasion (left hand)
 i - an amulet of reflection (around neck)
 k - a ring of fire
 l - the ring of Ypiviemu (right hand) {Fly rElec Dex-3 SInv}
   (You acquired it in a bailey)

   [ring of see invisible]

   Dex:       It affects your dexterity (-3).
   rElec:     It insulates you from electricity.
   SInv:      It lets you see invisible.
   Fly:       It grants you flight.
 y - a ring of positive energy
Wands
 w - a wand of flame (46)
 D - a wand of iceblast (9)
Scrolls
 e - a scroll of amnesia
 g - 3 scrolls of enchant armour
 h - 2 scrolls of magic mapping
 m - a scroll of fog
 o - 3 scrolls of fear
 r - 6 scrolls of teleportation
 t - a scroll of poison
 x - a scroll of enchant weapon
 A - a scroll of blinking
 B - a scroll of torment {unknown}
Potions
 d - a potion of might
 j - a potion of magic {unknown}
 n - 6 potions of curing
 q - 2 potions of resistance
 v - a potion of invisibility {unknown}
 z - 6 potions of flight
 C - 2 potions of attraction {unknown}


   Skills:
 + Level 8.8 Fighting
 + Level 7.7 Polearms
 + Level 8.1 Armour
 + Level 8.0 Shields
 + Level 1.5 Invocations


You had 9 spell levels left.
You didn't know any spells.
Your spell library contained the following spells:

 Spells                   Type           Power      Damage    Failure   Level
 Ensorcelled Hibernation  Hex/Ice        0%         N/A       86%         2
 Confusing Touch          Hex            0%         N/A       98%         3
 Dazzling Flash           Conj/Hex       0%         N/A       98%         3
 Spider Form              Tmut/Pois      0%         N/A       98%         3
 Summon Guardian Golem    Hex/Summ       0%         N/A       98%         3
 Anguish                  Hex/Necr       0%         N/A       100%        4
 Agony                    Necr           0%         N/A       100%        5
 Silence                  Hex/Air        0%         N/A       100%        5
 Fire Storm               Conj/Fire      0%         5d1       100%        9


Dungeon Overview and Level Annotations

Branches:
Dungeon (9/15)             Temple (0/1) D:5           Sewer (visited)
 Bailey (visited)
   Lair: D:8-11         Orc: D:9-12

Altars:
Nemelex Xobeh
Qazlal
Trog

Shops:
D:1 =   D:4 (   D:7 *   D:8 *


Innate Abilities, Weirdness & Mutations

You have large cloven feet.
You may rarely emit foul miasma when damaged in melee.
You are mostly covered in sharp spines.
You are partially covered in razor-sharp scales. (AC +1, Slay +1)
Armour fits poorly on your strangely shaped body.
You are strong-willed. (Will+)


Message History

The lindwurm breathes flames at you. The blast of flame hits you!
Reach: a) +1 trident
Press: ? - help, Dir - move target, f/p - lindwurm
Aim: a lindwurm (lightly wounded, catching its breath, about 22% to evade your +1 trident)
You reach to attack!
You puncture the lindwurm!
The lindwurm is moderately wounded.
Unknown command.
Reach: a) +1 trident
Press: ? - help, Dir - move target, f/p - lindwurm
Aim: a lindwurm (moderately wounded, catching its breath, about 22% to evade your +1 trident)
You completely miss the lindwurm.
You kick the lindwurm, but do no damage.
The lindwurm is moderately wounded.
You block the lindwurm's attack. x2; The lindwurm misses you.
You barely miss the lindwurm.
The lindwurm is moderately wounded.
You block the lindwurm's attack. The lindwurm claws you.
You block the lindwurm's attack.
You puncture the lindwurm!
The lindwurm is heavily wounded.
The lindwurm barely misses you. You block the lindwurm's attack.
The lindwurm barely misses you.
You barely miss the lindwurm.
The lindwurm is heavily wounded.
The lindwurm bites you! You block the lindwurm's attack.
The lindwurm claws you.
You puncture the lindwurm! Your kick misses the lindwurm.
The lindwurm is severely wounded.
The lindwurm breathes flames at you. The blast of flame hits you!
* * * LOW HITPOINT WARNING * * *
You barely miss the lindwurm. You kick the lindwurm.
The lindwurm is severely wounded.
A steam dragon comes into view.
Unknown command.
Okay, then.
The lindwurm breathes flames at you. The blast of flame hits you!!!
You die...

,,*,*,,,,,*,,..........#....#....
,,*,***+,,,,,,.................##
,,+,,,,,,******#.##.#..#######...
,,*,,,,,,*,,,,,#..#.##.#,,,,,#...
,,*,,,**,*,*+*,#.#..##.#,***,#...
,,*,,,*,,*,*,*,#..#.#..+,*,+,#.##
,,*,,,*,,*,***,#.#..)#.#,***,#)#.
,,*,,,*,,*,,,,,#)##..#.#,,,,,#.#.
,,*,,,*,.###'###@#.#.#.#*****#.#.
,,*,,,**.....Kk).#####..,,,,,,...
,,*,,,,,..##.###D..#*.##,,*,**...
,,*,,,,,,,,,,,,.#..#,[,,*,*,,*.##
,,+,,,,,,,***,##,#.#*#**,,****,,,
,,*,>,,,,,,,,,,,*,#.)*,,,**,*,,,,
,,*,,,,,,*,****,,*,##.**,***,*,,,
,,*,,,,,,,****,,,,*,,*.,,,,,,,,,,
,,*,,,,,,,*,,,,,,,,***,***+***,,,


You could see a lindwurm (catching breath), a steam dragon and a kobold.

Vanquished Creatures
  2 orc knights (Bailey)
  Maggie (D:6)
  Psyche (D:8)
  A hornet (D:8)
  A slime creature (D:9)
  A shadow (D:8)
  A wyvern (D:9)
  6 yaks (D:8)
  A steam dragon (D:6)
  Duvessa (D:6)
  Pargi (Sewer)
  5 orc warriors
  4 ice beasts
  3 sky beasts
  A black bear (D:6)
  An ogre (D:5)
  A centaur (D:9)
  A phantom (D:4)
  3 bullfrogs
  2 kobold brigands
  A gnoll sergeant (D:6)
  A scorpion (D:4)
  Dowan (D:6)
  8 killer bees
  2 howler monkeys
  A jelly (D:5)
  3 hounds
  6 orc priests
  A gnoll bouda (D:5)
  4 iguanas
  7 orc wizards
  20 gnolls
  11 adders
  3 shadow imps
  3 white imps
  An ufetubus (D:5)
  2 worms
  2 dart slugs
  19 orcs
  6 bats
  8 endoplasms
  8 giant cockroaches
  11 goblins
  10 hobgoblins
  2 jackals (D:3)
  8 quokkas
  10 ball pythons
  13 frilled lizards
  23 kobolds
  4 rats
237 creatures vanquished.

Vanquished Creatures (others)
  A kobold brigand (D:9)
  2 jackals (D:5)
3 creatures vanquished.

Grand Total: 240 creatures vanquished

Notes
Turn   | Place    | Note
-------+----------+-------------------------------------------
     0 | D:1      | McKennaii the Demonspawn Fighter began the quest for the
                  | Orb.
     0 | D:1      | Reached XP level 1. HP: 18/18 MP: 1/1
   127 | D:1      | Gained mutation: You are partially covered in sharp spines.
                  | [demonic ancestry]
   127 | D:1      | Reached XP level 2. HP: 24/24 MP: 2/2
   135 | D:1      | Found Pivad's Jewellery Shop.
   866 | D:2      | Found a stormy altar of Qazlal.
   908 | D:2      | Became a worshipper of Qazlal Stormbringer
   936 | D:2      | Reached XP level 3. HP: 26/29 MP: 3/3
  1030 | D:2      | Got the Volume of Ill-fated Soot
  1494 | D:2      | Gained mutation: You are partially covered in razor-sharp
                  | scales. (AC +1, Slay +1) [demonic ancestry]
  1494 | D:2      | Reached XP level 4. HP: 32/35 MP: 4/4
  1936 | D:3      | Gained mutation: You may rarely emit foul miasma when
                  | damaged in melee. [demonic ancestry]
  1936 | D:3      | Reached XP level 5. HP: 11/42 MP: 5/5
  2329 | D:3      | Found a glowing drain.
  2344 | Sewer    | Entered a sewer
  2362 | Sewer    | Noticed Pargi
  2370 | Sewer    | Killed Pargi
  2415 | Sewer    | Gained mutation: You have large cloven feet. [demonic
                  | ancestry]
  2415 | Sewer    | Reached XP level 6. HP: 48/48 MP: 6/6
  2460 | Sewer    | Reached * piety under Qazlal
  3774 | D:4      | Found Bitsum's Weapon Shop.
  3774 | D:4      | Noticed a +0 rapier
  3774 | D:4      | Noticed a +0 demon trident
  3897 | D:5      | Entered Level 5 of the Dungeon
  3908 | D:5      | Found a bloodstained altar of Trog.
  3980 | D:5      | Reached XP level 7. HP: 55/55 MP: 7/7
  4014 | D:5      | Identified a scroll of acquirement
  4028 | D:5      | Reached skill level 5 in Fighting
  4346 | D:5      | Reached ** piety under Qazlal
  4550 | D:5      | Found a staircase to the Ecumenical Temple.
  4704 | D:6      | Found a sparkling altar of Nemelex Xobeh.
  4725 | D:6      | Noticed a steam dragon
  4732 | D:6      | Killed a steam dragon
  4733 | D:6      | Reached skill level 5 in Armour
  4733 | D:6      | Reached XP level 8. HP: 63/63 MP: 8/8
  4746 | D:5      | Reached skill level 5 in Shields
  4879 | D:6      | Gained mutation: You are strong-willed. (Will+) [potion of
                  | mutation]
  4879 | D:6      | Gained mutation: Armour fits poorly on your strangely
                  | shaped body. [potion of mutation]
  4888 | D:6      | Reached skill level 5 in Polearms
  4891 | D:6      | Noticed Duvessa
  5345 | D:6      | Noticed Maggie
  5363 | D:6      | Killed Maggie
  5839 | D:6      | Noticed Dowan
  5849 | D:6      | Killed Dowan
  5850 | D:6      | Gained mutation: You are mostly covered in sharp spines.
                  | [demonic ancestry]
  5850 | D:6      | Reached XP level 9. HP: 67/71 MP: 9/9
  5854 | D:6      | Killed Duvessa
  6874 | D:7      | Found Socheriz's General Store.
  6885 | D:7      | Bought a scroll of teleportation for 33 gold pieces
  6885 | D:7      | Bought a scroll of fear for 44 gold pieces
  6885 | D:7      | Bought a scroll of blinking for 82 gold pieces
  7118 | D:8      | Reached *** piety under Qazlal
  7339 | D:8      | Noticed Psyche
  7379 | D:8      | Reached XP level 10. HP: 79/80 MP: 10/10
  7390 | D:8      | Killed Psyche
  7511 | D:8      | Found Kiuhom's Demolitions Depot.
  7896 | D:9      | Found a flagged portal.
  7902 | Bailey   | Entered a bailey
  7909 | Bailey   | Noticed an orc knight
  7917 | Bailey   | Acquired 743 gold pieces
  7919 | Bailey   | Acquired the ring of Ypiviemu {Fly rElec Dex-3 SInv}
  7952 | Bailey   | Noticed an orc knight
  8106 | Bailey   | Killed an orc knight
  8126 | Bailey   | Killed an orc knight
  8372 | D:9      | Reached **** piety under Qazlal
  8521 | D:9      | Reached skill level 1 in Invocations
  8540 | D:9      | Noticed a lindwurm
  8564 | D:9      | Killed from afar by a lindwurm (shapeshifter)

Illustrated notes

Levels and vault maps discovered:
D:1:      sevenhm_arrival_forest_fort_large_4, layout_basic, serial_shops,
          nicolae_shop_real_fake_doors, serial_rivers,
          chequers_serial_rivers_micro_a, chequers_serial_rivers_micro_a,
          chequers_serial_rivers_small_a, chequers_serial_rivers_small_b
D:2:      minmay_wonky_spiral, layout_basic, basic_altar
D:3:      layout_basic, portal_sewer_entry_d, kennysheep_donut, nrook_uturn,
          minmay_misc_feat_chi, nicolae_eternal_life
D:4:      layout_loops_ring, serial_shops, nicolae_shop_mannequins
D:5:      layout_loops_ring, mainiacjoe_overflow_paths, lemuel_temple_firewalk_a
D:6:      layout_basic, nemelex_spade_bored_becter, uniq_maggie, uniq_duvessa
D:7:      layout_cave_pods, serial_shops, shop
D:8:      layout_basic, minivault_19, nicolae_blasting_shop, uniq_psyche
D:9:      layout_irregular_city, mainiacjoe_overflow_surrounded_room,
          lemuel_coloured_pillars_altar, enter_bailey_3,
          amcnicky_mini_pool_small, minmay_shattered_shrine

Skill      XL: |  1  2  3  4  5  6  7  8  9 10 |
---------------+-------------------------------+-----
Polearms       | 2 3 4 5 6 7 |  7.7
Armour         | 3 4 5 6 7 8 |  8.1
Shields        | 3 4 6 7 8 |  8.0
Fighting       | 4 5 6 7 8 |  8.8
Invocations    | 1 |  1.5

Action                     |  1- 3 |  4- 6 |  7- 9 | 10-12 || total
---------------------------+-------+-------+-------+-------++-------
  Melee: Trident           |   126 |   158 |   307 |   286 ||   877
         Kick              |       |    20 |    89 |    44 ||   153
  Evoke: Wand              |       |       |     5 |       ||     5
    Use: Scroll            |       |     6 |     4 |     5 ||    15
         Potion            |       |     6 |     2 |       ||     8
 Armour: Scale mail        |    34 |    19 |    45 |    18 ||   116
  Dodge: Dodged            |    25 |    50 |   104 |    56 ||   235
  Block: Buckler           |    26 |    56 |   187 |   113 ||   382
         Reflection        |       |     1 |     4 |    15 ||    20
